 Dungeon Crawl Stone Soup version 0.32-a0-799-g95e1662 (webtiles) character file.

Game seed: 10814744950319247695

151952 uuddlrlrba the Black Belt (level 17, -1/150 HPs)
             Began as an Octopode Berserker on Mar 20, 2024.
             Was the Champion of Trog.
             Blown up by an orb spider (42 damage)
             ... with an orb of destruction
             ... on level 2 of the Spider Nest on Mar 21, 2024.
             The game lasted 01:54:53 (25405 turns).

uuddlrlrba the Black Belt (Octopode Berserker)     Turns: 25405, Time: 01:54:54

Health: -1/150     AC: 31    Str: 22    XL:     17   Next: 57%
Magic:  17/17      EV: 21    Int: 10    God:    Trog [******]
Gold:   692        SH:  6    Dex: 23    Spells: 16/16 levels left

rFire   + +          .
                       - Unarmed
rCold   + + .        X - +0 buckler {rPois}
rNeg    + . .        (helmet restricted)
rPois   ∞            d - amulet of regeneration
rElec   +            e - ring of protection from fire
rCorr   +            k - ring of resist corrosion
SInv    +            J - +4 ring of protection
Will    +++..        O - +4 ring of slaying
Stlth   +++++        Q - ring of willpower
HPRegen 1.25/turn    W - +6 ring of strength
MPRegen 0.15/turn    E - ring "Rufeg" {rC++ Dex+4 SInv}
                     a - ring of protection from fire

%: no passive effects
@: statue-form, very slow
A: slow and powerful, torment resistance 1, boosted hp, almost no armour,
amphibious, 8 rings, camouflage 1, (gelatinous body 1), (nimble swimmer 1),
tentacles, deterioration 1, strong-willed 1
a: Begin Untransformation, Renounce Religion, Berserk, Trog's Hand, Brothers in
Arms


You were on level 2 of the Spider Nest.
You worshipped Trog.
Trog was exalted by your worship.
You were a living statue of rough stone.
You visited 4 branches of the dungeon, and saw 24 of its levels.
You also visited: Sewer, Ossuary, Bailey and Ice Cave.

You collected 2904 gold pieces.
You spent 2212 gold pieces at shops.

Inventory:

Missiles
 G - 8 curare-tipped darts
 M - 2 throwing nets
Armour
 y - a +1 tower shield of fire resistance
 X - a +0 buckler of poison resistance (worn)
Jewellery
 a - a ring of protection from fire (on tentacle)
 d - an amulet of regeneration (around mantle)
 e - a ring of protection from fire (left tentacle)
 k - a ring of resist corrosion (right tentacle)
 E - the ring "Rufeg" (on tentacle) {rC++ Dex+4 SInv}
   (You acquired it on level 11 of the Dungeon)

   [ring of see invisible]

   Dex+4:     It affects your dexterity (+4).
   rC++:      It greatly protects you from cold.
   SInv:      It lets you see invisible.
 J - a +4 ring of protection (on tentacle)
 O - a +4 ring of slaying (on tentacle)
 Q - a ring of willpower (on tentacle)
 V - an amulet of reflection
 W - a +6 ring of strength (on tentacle)
Talismans
 P - a granite talisman (active)
Wands
 j - a wand of acid (16)
 A - a wand of warping (17)
 D - a wand of paralysis (10)
 F - a wand of digging (6)
 N - a wand of polymorph (11)
 R - a wand of flame (42)
 S - a wand of mindburst (10)
Scrolls
 b - 15 scrolls of teleportation
 c - 5 scrolls of identify
 h - 10 scrolls of noise
 i - 2 scrolls of vulnerability
 r - 5 scrolls of poison
 t - 5 scrolls of fog
 u - 4 scrolls of immolation
 v - 5 scrolls of blinking
 w - 3 scrolls of revelation
 C - a scroll of silence
 H - 3 scrolls of fear
 K - a scroll of enchant armour
 T - 4 scrolls of summoning
Potions
 f - 3 potions of haste
 g - 11 potions of heal wounds
 l - 4 potions of resistance
 m - 7 potions of curing
 o - 3 potions of ambrosia
 p - 5 potions of mutation
 q - 6 potions of attraction
 z - 4 potions of cancellation
 B - 6 potions of enlightenment
 I - 3 potions of brilliance
 L - a potion of lignification
 Y - 2 potions of might
 Z - 3 potions of magic
Miscellaneous
 s - a phantom mirror
 x - a lightning rod (4/4)
 U - a phial of floods


   Skills:
 * Level 10.5 Fighting
 - Level 3.0 Throwing
 + Level 12.8 Dodging
 + Level 5.9 Stealth
 - Level 5.0 Shields
 - Level 18.0 Unarmed Combat
 - Level 10.0 Evocations
 - Level 16.0 Shapeshifting


You had 16 spell levels left.
You didn't know any spells.
Your spell library was empty.

Dungeon Overview and Level Annotations

Branches:
Dungeon (15/15)            Temple (0/1) D:6            Lair (5/5) D:9
 Shoals (0/4) Lair:2       Spider (2/4) Lair:2        Slime (0/5) Lair:4
    Orc (2/2) D:9             Elf (0/3) Orc:2        Vaults (0/5) D:14
 Depths (0/4) D:15          Sewer (visited)         Ossuary (visited)
 Bailey (visited)           IceCv (visited)

Altars:
Ashenzari
Cheibriados
Dithmenos
Kikubaaqudgha
Nemelex Xobeh
Okawaru
Ru
Sif Muna
Trog
Wu Jian
Beogh
Jiyva

Shops:
D:4 :   D:5 =   D:6 [   D:13 ?   Orc:2 **=:

Annotations:
D:5 Sigmund
D:6 exclusion: phantom, Maggie
Lair:1 3 runed translucent doors, ksj2083's ghost, journeyman BaIE
Lair:2 exclusion: death yak
Lair:5 exclusion: obsidian statue


Innate Abilities, Weirdness & Mutations

You are a living statue of rough stone.
Your actions are slow, but your melee attacks are powerful.
You are resistant to unholy torment.
Your maximum health is greatly increased.
You cannot wear most types of armour.
You are amphibious.
You can wear up to eight rings at the same time.
You are immune to poison.
Your skin changes colour to match your surroundings (Stealth+).
((Your rubbery body absorbs attacks. (AC +1, EV +1)))
((You are camouflaged when in or above water. (Stealth+)))
You have tentacles for arms and can constrict up to eight enemies at once.
Your body sometimes deteriorates upon taking damage.
You are strong-willed. (Will+)


Message History

Aiming: Mindburst
Press: ? - help, Shift-Dir - straight line, f/p - orb spider
Aim: an orb spider (heavily wounded, soul bound, fully charged, covered in acid, chance to affect: 80%)
Okay, then.
The redback attacks as it pursues you! You block the redback's attack.
The redback bites you but does no damage.
The redback misses you. The redback attacks as it pursues you!
You block the redback's attack.
The redback bites you but does no damage.
You thrash the redback!!!
You kill the redback!
Trog accepts your kill.
A freezing mist starts to gather...
A redback simulacrum comes into view.
The orb spider weaves a glowing orb of energy.
An orb of destruction comes into view.
Okay, then.
Unknown command.
The orb spider pulsates with a strange energy.
The orb spider spins a strand of pure energy.
The orb of destruction hits you!!
* * * LOW HITPOINT WARNING * * *
Okay, then.
Unknown command.
Aiming: Paralyse
Press: ? - help, Shift-Dir - straight line, f - orb spider, p - orb spider
Aim: an orb spider (soul bound, fully charged, chance to affect: 54%)
The orb spider suddenly stops moving!
Aiming: Paralyse
Press: ? - help, Shift-Dir - straight line, f - orb spider, p - orb spider
Aim: an orb spider (heavily wounded, soul bound, fully charged, covered in acid, chance to affect: 54%)
Okay, then.
You thrash the redback simulacrum!!!
The redback simulacrum vaporises!
The orb spider weaves a glowing orb of energy.
An orb of destruction comes into view.
The orb spider is no longer covered in acid.
The orb spider's soul is no longer bound.
The orb of destruction hits you!!!
You die...

## #~## ## ###≈.####≈##
#~~~...#≈#≈# ##.#....≈≈~####
###.^^...#~~~.#~######
#.#........~..#.<^...#
###.>#......I...#>^†...# #
###.#..?....°○..........^#
≈##≈#.......s○....#..........#
≈≈≈^........s.....#...........
#~~#........(.................
..#^..........................
#.^^...^#..................#
#.......#..................
..#...†..§#^.....#........##.


You could see 2 orb spiders.

Vanquished Creatures
  An emperor scorpion (Spider:1)
  An orc warlord (Orc:2)
  A broodmother (Spider:1)
  Nessos (D:12)
  2 dire elephants (Lair:5)
  An entropy weaver (Spider:1)
  A yaktaur captain (D:14)
  An ice dragon (D:14)
  5 hydras
  A vault guard (Bailey)
  Erolcha (D:13)
  Erica (D:9)
  2 ogre magi (D:10)
  6 centaur warriors
  3 catoblepae
  4 two-headed ogres
  The ghost of Carva the Cleaver, a novice MiFi of Okawaru (D:9)
  13 death yaks
  11 boulder beetles
  3 demonic crawlers (Spider:1)
  An orc high priest (Orc:2)
  5 tengu warriors
  Sonja (Orc:1)
  A deep elf knight (D:10)
  3 spectral death yaks (Lair:5)
  A fire crab (shapeshifter) (D:14)
  A fire crab (D:10)
  A spectral anaconda (Lair:5)
  A glowing orange brain (D:15)
  3 pharaoh ants
  2 orb spiders (Spider:2)
  3 skysharks
  A deep troll (D:10)
  A swamp dragon (D:14)
  3 arcanists
  5 orc knights (Orc:2)
  A lindwurm (Lair:2)
  3 steelbarb worms
  An obsidian bat (Orc:1)
  3 deep elf archers
  A harpy (D:10)
  5 deep elf pyromancers
  A deep elf zephyrmancer (D:14)
  4 necromancers (Lair:5)
  22 ugly things
  An orc sorcerer (Orc:2)
  8 wolf spiders
  9 cyclopes
  A cyclops (shapeshifter) (D:15)
  3 moths of wrath
  A meliai (shapeshifter) (D:13)
  7 manticores
  A black mamba (shapeshifter) (D:15)
  8 kobold blastminers
  15 elephants
  4 torpor snails
  5 black mambas
  A gargoyle (D:13)
  12 cane toads
  13 komodo dragons
  3 freezing wraiths
  2 yaktaurs (D:14)
  15 rime drakes
  An efreet (D:14)
  3 kobold demonologists
  An anaconda simulacrum (IceCv)
  8 tengu conjurers
  A troll (shapeshifter) (D:14)
  5 trolls
  11 blink frogs
  5 polar bears
  9 tarantellas
  A wolf spider simulacrum (D:15)
  A hornet (D:14)
  2 dream sheep (Lair:2)
  9 slime creatures
  9 jumping spiders
  5 centaur simulacra
  24 yaks
  2 shadows
  6 culicivoras
  5 wyverns
  2 wraiths
  A golden eye (shapeshifter) (D:14)
  5 humans (Bailey)
  A water elemental (D:15)
  3 basilisks
  A vampire (D:9)
  6 wargs
  23 redbacks
  A basilisk (shapeshifter) (D:10)
  19 vampire mosquitoes
  A death yak simulacrum (Lair:5)
  3 steam dragons (D:8)
  2 acid dragons
  A spectral cane toad (Lair:5)
  19 water moccasins
  Pargi (Sewer)
  35 orc warriors
  5 sky beasts
  4 black bears
  3 ice beasts
  4 ogres
  9 centaurs
  21 wolves
  3 phantoms
  3 elf zombies (Ossuary)
  7 kobold brigands
  14 bullfrogs
  4 scorpions
  2 gnoll sergeants (D:10)
  A cane toad simulacrum (Lair:5)
  3 wights (D:8)
  5 killer bees (D:10)
  7 howler monkeys
  A bombardier beetle (D:4)
  2 electric eels
  2 centaur zombies (Ossuary)
  3 jellies
  19 orc priests
  A human zombie (Ossuary)
  5 hounds
  2 gnoll boudas
  4 iguanas
  A sleepcap (D:4)
  20 orc wizards
  2 polar bear simulacra (IceCv)
  2 wolf simulacra (IceCv)
  3 hound zombies (Ossuary)
  20 gnolls
  4 adders
  A shadow imp (D:7)
  14 white imps
  An ufetubus (D:15)
  6 adder zombies (Ossuary)
  3 ribbon worms
  A dart slug (D:3)
  80 orcs
  7 ball pythons
  5 bats
  2 endoplasms (D:4)
  2 giant cockroaches (D:1)
  3 gnoll zombies (Ossuary)
  10 goblins
  6 hobgoblins
  11 jackals
  5 quokkas
  4 jackal zombies (Ossuary)
  61 kobolds
  3 kobold zombies (Ossuary)
  6 orc zombies (Ossuary)
  4 rats
896 creatures vanquished.

Vanquished Creatures (collateral kills)
  3 dire elephants (Lair:5)
  A vault guard (Bailey)
  A death yak (Lair:4)
  An obsidian bat (Orc:1)
  An ugly thing (IceCv)
  Prince Ribbit (Bailey)
  A slime creature (D:9)
  A death yak simulacrum (IceCv)
  4 orc warriors
  An elf zombie (Ossuary)
  A bullfrog (Bailey)
  A cane toad simulacrum (IceCv)
  A human zombie (Ossuary)
  3 jellies (D:9)
  2 mummies (Ossuary)
  3 orcs
  2 kobold zombies (Ossuary)
  2 orc zombies (Ossuary)
30 creatures vanquished.

Vanquished Creatures (others)
  A human (D:3)
  An orc (Orc:2)
  2 kobolds (D:8)
4 creatures vanquished.

Grand Total: 930 creatures vanquished

Notes
Turn   | Place    | Note
-------+----------+-------------------------------------------
     0 | D:1      | uuddlrlrba the Octopode Berserker began the quest for the
                  | Orb.
     0 | D:1      | Reached XP level 1. HP: 16/16 MP: 1/1
   205 | D:1      | Reached XP level 2. HP: 21/21 MP: 2/2
   209 | D:1      | Found a faded altar of an unknown god.
   498 | D:2      | Reached skill level 1 in Stealth
   498 | D:2      | Reached XP level 3. HP: 27/27 MP: 3/3
   769 | D:2      | Identified the +8 trident "Ymiwe" {flame, rElec rN+}
  1052 | D:3      | Reached ** piety under Trog
  1347 | D:3      | Reached XP level 4. HP: 30/34 MP: 4/4
  1477 | D:3      | Noticed a kobold brigand
  1488 | D:3      | Killed a kobold brigand
  1489 | D:3      | Reached skill level 5 in Fighting
  1489 | D:3      | Reached XP level 5. HP: 36/39 MP: 5/5
  1613 | D:3      | Reached skill level 5 in Stealth
  1631 | D:3      | Reached XP level 6. HP: 13/45 MP: 6/6
  1883 | D:3      | Reached skill level 4 in Unarmed Combat
  1891 | D:3      | Reached *** piety under Trog
  2193 | D:3      | Found an ancient bone altar of Kikubaaqudgha.
  2193 | D:3      | Noticed a human
  2197 | D:3      | Killed a human
  2274 | D:3      | Gained mutation: Your body sometimes deteriorates upon
                  | taking damage. [potion of mutation]
  2274 | D:3      | Gained mutation: You are strong-willed. (Will+) [potion of
                  | mutation]
  2376 | D:4      | Found Patai's Tiny Tomes.
  2564 | D:4      | Reached skill level 5 in Unarmed Combat
  2818 | D:4      | Reached XP level 7. HP: 46/50 MP: 7/7
  3558 | D:4      | Reached skill level 6 in Unarmed Combat
  4031 | D:5      | Entered Level 5 of the Dungeon
  4035 | D:5      | Noticed a troll
  4043 | D:5      | Reached skill level 1 in Shields
  4051 | D:5      | Killed a troll
  4052 | D:5      | Reached skill level 7 in Unarmed Combat
  4052 | D:5      | Reached XP level 8. HP: 23/55 MP: 8/8
  4056 | D:5      | HP: 2/55 [poisoned by a scorpion]
  4260 | D:5      | Found Sukem's Jewellery Shop.
  4318 | D:5      | Found a glowing drain.
  4327 | Sewer    | Entered a sewer
  4405 | Sewer    | Noticed Pargi
  4417 | Sewer    | Killed Pargi
  4647 | D:5      | Reached skill level 8 in Unarmed Combat
  5070 | D:5      | Noticed Sigmund
  5119 | D:6      | Noticed Maggie
  5133 | D:6      | Found a sand-covered staircase.
  5143 | Ossuary  | Entered an ossuary
  5218 | Ossuary  | Reached XP level 9. HP: 51/61 MP: 7/9
  5233 | Ossuary  | Reached **** piety under Trog
  5306 | Ossuary  | Reached skill level 5 in Shapeshifting
  5323 | Ossuary  | Reached skill level 9 in Unarmed Combat
  5579 | D:6      | Reached skill level 1 in Throwing
  5853 | D:6      | Found a staircase to the Ecumenical Temple.
  5866 | D:6      | Found Feosanly's Antique Armour Boutique.
  6742 | D:7      | Found an ornate altar of the Wu Jian Council.
  7041 | D:5      | Bought a +4 ring of protection for 360 gold pieces
  7180 | D:7      | Reached skill level 10 in Unarmed Combat
  7310 | D:7      | Found the +1 cloak of Starlight {*Dazzle EV+4 Stlth--}
  7347 | D:7      | Reached XP level 10. HP: 66/66 MP: 10/10
  7806 | D:8      | Found a shadowy altar of Dithmenos.
  7821 | D:8      | Found a sacrificial altar of Ru.
  8013 | D:8      | Identified the +9 battleaxe of the Holding Gods {flame,
                  | +Blink Will++ Int-5 Stlth+}
  8409 | D:9      | Reached ***** piety under Trog
  8438 | D:9      | Found a runed translucent gate.
  8440 | D:9      | Found a runed translucent gate.
  8441 | D:9      | Found a runed translucent gate.
  8441 | D:9      | Noticed Carva's ghost (novice MiFi)
  8443 | D:9      | Found a staircase to the Orcish Mines.
  8475 | D:9      | Found a flagged portal.
  8496 | Bailey   | Entered a bailey
  8563 | Bailey   | Reached skill level 5 in Dodging
  8857 | Bailey   | Noticed a vault guard
  8863 | Bailey   | Killed a vault guard
  8890 | Bailey   | Noticed a vault guard
  8890 | Bailey   | Noticed Prince Ribbit
  8923 | Bailey   | Killed a vault guard
  8924 | Bailey   | Reached XP level 11. HP: 71/71 MP: 11/11
  8924 | Bailey   | Killed Prince Ribbit
  8925 | Bailey   | Reached skill level 10 in Shapeshifting
  9144 | D:9      | Found a staircase to the Lair.
  9382 | D:9      | Noticed Erica
  9389 | D:9      | Killed Erica
  9796 | D:9      | Found an iron altar of Okawaru.
  9847 | D:9      | Found a viscous altar of Jiyva.
  9861 | D:9      | Killed Carva's ghost
 10115 | D:9      | Upgraded the game from 0.32-a0-791-gfc315c9 to
                  | 0.32-a0-799-g95e1662
 10146 | D:10     | Entered Level 10 of the Dungeon
 10275 | D:10     | Found a bloodstained altar of Trog.
 10279 | D:10     | Found a shimmering blue altar of Sif Muna.
 10426 | D:10     | Noticed a manticore
 10427 | D:10     | Noticed a purple ugly thing
 10427 | D:10     | Noticed a deep elf pyromancer
 10431 | D:10     | Killed a manticore
 10439 | D:10     | Killed a deep elf pyromancer
 10447 | D:10     | Noticed a white ugly thing
 10447 | D:10     | Noticed a deep elf pyromancer
 10493 | Orc:1    | Entered Level 1 of the Orcish Mines
 10547 | Orc:1    | Noticed Sonja
 10757 | Orc:1    | Reached XP level 12. HP: 84/84 MP: 12/12
 10852 | Orc:1    | Reached skill level 1 in Evocations
 10859 | Orc:1    | Killed Sonja
 11152 | Orc:1    | Noticed a two-headed ogre
 11160 | Orc:1    | Killed a two-headed ogre
 11431 | Orc:2    | Entered Level 2 of the Orcish Mines
 11438 | Orc:2    | Reached skill level 10 in Fighting
 11498 | Orc:2    | Found a roughly hewn altar of Beogh.
 11608 | D:5      | Bought a granite talisman for 600 gold pieces
 11608 | D:5      | Bought a ring of willpower for 250 gold pieces
 11681 | Lair:1   | Entered Level 1 of the Lair of Beasts
 11734 | Lair:1   | Noticed a minotaur
 11735 | Lair:1   | Noticed ksj2083's ghost (journeyman BaIE)
 11736 | Lair:1   | Noticed a catoblepas
 11953 | Lair:1   | Found a runed translucent gate.
 11954 | Lair:1   | Found a runed translucent gate.
 11954 | Lair:1   | Found a runed translucent gate.
 11983 | Lair:1   | Noticed a boulder beetle
 11999 | Lair:1   | Killed a boulder beetle
 12237 | Lair:1   | Received a gift from Trog
 12563 | Lair:1   | Noticed a skyshark
 12571 | Lair:1   | Killed a skyshark
 12871 | Lair:2   | Reached XP level 13. HP: 92/92 MP: 13/13
 13160 | Lair:2   | Found a frozen archway.
 13251 | IceCv    | Entered an ice cave
 13710 | Lair:2   | Found a staircase to the Shoals.
 14260 | Lair:2   | Found a hole to the Spider Nest.
 15755 | Lair:3   | Reached skill level 15 in Shapeshifting
 16483 | Lair:4   | Reached XP level 14. HP: 99/99 MP: 12/14
 16806 | Lair:4   | Identified the +6 mace of Etimeig {antimagic, +Blink Int+4}
 17158 | Lair:4   | Found a viscous altar of Jiyva.
 17158 | Lair:4   | Found a staircase to the Slime Pits.
 17665 | Lair:5   | Entered Level 5 of the Lair of Beasts
 17692 | Lair:4   | Reached skill level 11 in Unarmed Combat
 17971 | Lair:5   | Received a gift from Trog
 18011 | Lair:5   | Reached skill level 12 in Unarmed Combat
 18277 | Lair:5   | Noticed a dire elephant
 18277 | Lair:5   | Noticed a dire elephant
 18277 | Lair:5   | Noticed a dire elephant
 18277 | Lair:5   | Noticed a dire elephant
 18444 | Lair:5   | Killed a dire elephant
 18481 | Lair:5   | Reached skill level 13 in Unarmed Combat
 18484 | Lair:5   | Noticed a dire elephant
 18571 | Lair:5   | Killed a dire elephant
 18573 | Lair:5   | Killed a dire elephant
 18579 | Lair:5   | Killed a dire elephant
 18580 | Lair:5   | Reached skill level 14 in Unarmed Combat
 18580 | Lair:5   | Reached XP level 15. HP: 69/103 MP: 10/15
 19080 | Orc:2    | Found a staircase to the Elven Halls.
 19325 | Orc:2    | Reached skill level 15 in Unarmed Combat
 19422 | Orc:2    | Noticed an orc warlord
 19427 | Orc:2    | Killed an orc warlord
 19580 | Orc:2    | Reached skill level 5 in Shields
 19604 | Orc:2    | Found Beifagof's Book Emporium.
 19605 | Orc:2    | Found Fyho Jul's Assorted Antiques.
 19605 | Orc:2    | Found Deymugroff's Jewellery Shoppe.
 19610 | Orc:2    | Found Itiurias's General Store.
 19615 | Orc:2    | Bought an amulet of regeneration for 390 gold pieces
 19627 | Orc:2    | Bought a potion of haste for 270 gold pieces
 19627 | Orc:2    | Bought a scroll of identify for 54 gold pieces
 20297 | D:10     | Found a broken altar of Ashenzari.
 20299 | D:10     | Found a sparkling altar of Nemelex Xobeh.
 20419 | D:10     | Received a gift from Trog
 21147 | D:11     | Reached skill level 5 in Evocations
 21161 | D:11     | Identified a scroll of acquirement
 21162 | D:11     | Acquired the ring "Rufeg" {rC++ Dex+4 SInv}
 21491 | D:12     | Reached skill level 10 in Dodging
 21559 | D:12     | Reached skill level 16 in Unarmed Combat
 21602 | D:12     | Reached XP level 16. HP: 109/109 MP: 16/16
 21659 | D:12     | Noticed Nessos
 21668 | D:12     | Killed Nessos
 22105 | D:13     | Received a gift from Trog
 22242 | D:13     | Found Fiewol's Magic Scroll Boutique.
 22251 | D:13     | Bought a scroll of blinking for 120 gold pieces
 22251 | D:13     | Bought a scroll of blinking for 120 gold pieces
 22251 | D:13     | Bought a scroll of teleportation for 48 gold pieces
 22449 | D:13     | Noticed Erolcha
 22454 | D:13     | Killed Erolcha
 22861 | D:14     | Found a gate to the Vaults.
 23100 | D:14     | Found the +4 skin of Zhor {*Englaciate rC+++ SInv}
 23159 | D:14     | Reached skill level 17 in Unarmed Combat
 23265 | D:14     | Identified the +0 leather armour of Follow the Leader {Fly
                  | Str+3}
 23360 | D:14     | Reached ****** piety under Trog
 23699 | D:14     | Received a gift from Trog
 23915 | D:15     | Entered Level 15 of the Dungeon
 24045 | D:15     | Reached XP level 17. HP: 110/115 MP: 17/17
 24091 | D:15     | Found a snail-covered altar of Cheibriados.
 24297 | D:15     | Reached skill level 18 in Unarmed Combat
 24366 | D:15     | Found a staircase to the Depths.
 24618 | Spider:1 | Entered Level 1 of the Spider Nest
 24877 | Spider:1 | Received a gift from Trog
 25148 | Spider:1 | Reached skill level 10 in Evocations
 25405 | Spider:2 | Blown up by an orb spider

Illustrated notes

Levels and vault maps discovered:
D:1:      eino_arrival_cavern_a, layout_rooms,
          hellmonk_ecumenical_altar_lost_god, serial_curves, eino_curves_03,
          eino_curves_01
D:2:      layout_loops_cross, item_on_display_a
D:3:      minmay_goblin_kobold_castle, layout_basic, tgw_kikubaaqudgha
D:4:      minmay_inner_zag, layout_layer_cave,
          nicolae_shop_i_like_small_books_too
D:5:      layout_gridville, serial_shops, shop, portal_sewer_entry_a,
          grunt_decor_cap, kennysheep_small_spiral, uniq_sigmund
D:6:      layout_cave_pools, minmay_temple_entry_slanted, serial_shops,
          nicolae_shop_tiny_statue_garden, mainiacjoe_ossuary_entry_dusty_tomb,
          uniq_maggie
D:7:      layout_loops_ring, nicolae_wu_jian_wuxing_cycle
D:8:      layout_rooms, nicolae_dithmenos_the_darkroom, lemuel_crystal_altar,
          hangedman_decor_growths, minivault_19, chequers_serial_rivers_marsh,
          hangedman_misty_isle
D:9:      layout_cross, okawaru_altar_gauntlet_db, david_lair_generic,
          hiddenorc1_lemuel, gammafunk_ghost_ooze, enter_bailey_4, uniq_erica
D:10:     minmay_sliced_demisemicircle, layout_cave_pools,
          hellmonk_overflow_destroyed_library, nicolae_overflow_squiral,
          serial_gnoll_camp, gnoll_camp_mini_sergeant, gnoll_camp_mini_basic,
          gnoll_camp_mini_doghouse, gnoll_camp_mini_hut, grunt_ministairs_7
D:11:     cheibrodos_breeding_chamber, layout_irregular_city
D:12:     layout_irregular_city, serial_column_ruins, column_ruins_hut,
          column_ruins_columns_straight, column_ruins_open_medium,
          column_ruins_columns_corner, column_ruins_open_medium_water,
          column_ruins_open_tiny_water, nicolae_water_bricks, uniq_nessos
D:13:     hellmonk_destroyed_diamonds, layout_basic, serial_shops,
          kennysheep_mini, uniq_erolcha
D:14:     minmay_the_grid_net [minmay_the_grid_small_cups,
          minmay_the_grid_expand, minmay_the_grid_dragon_a,
          minmay_the_grid_large_cup, minmay_the_grid_medium_cups,
          minmay_the_grid_prize_big_room], layout_grid_maze, david_vaults_2,
          small_statue_alley_a, hellmonk_guarded_unrand_zhor
D:15:     gammafunk_enter_depths_forms, layout_rooms, cheibriados_altar_1,
          serial_ice, serial_ice_o, serial_ice_l, serial_ice_b, serial_ice_f
Lair:1:   layout_regular_city, maelrawn_ghost_gauntlet_escape,
          minmay_shattered_shrine
Lair:2:   layout_cave_pods, mainiacjoe_shoals_entry_four_pools,
          spider_nest_entry_rubble, portal_ice_cave_entry_imps,
          grunt_megastairs_5
Lair:3:   layout_cave_pods, dreamdust_gnoll_shepherd
Lair:4:   dreamdust_cave_troll, layout_cave_pods, dpeg_slime_entry_enclosed,
          gauntlet_entry_generic
Lair:5:   due_jungle_book, layout_long_grid
Spider:1: layout_spider_delve
Spider:2: layout_spider_delve, ebering_ghost_disaster_area
Orc:1:    layout_caves, uniq_sonja
Orc:2:    st_orc_rangers, layout_diamond_mine, special_room, basic_altar,
          nicolae_orc_pool_cavern

Skill      XL: |  1  2  3  4  5  6  7  8  9 10 11 12 13 14 15 16 17 |
---------------+----------------------------------------------------+-----
Fighting       | 4 5 8 10 | 10.5
Stealth        | 1 2 4 5 |  5.9
Unarmed Combat | 5 7 8 10 14 16 17 18 | 18.0
Shields        | 1 5 |  5.0
Shapeshifting  | 2 4 6 9 10 12 15 16 | 16.0
Throwing       | 3 |  3.0
Dodging        | 6 8 9 10 11 12 | 12.8
Evocations     | 3 5 8 10 | 10.0

Action                     |  1- 3 |  4- 6 |  7- 9 | 10-12 | 13-15 | 16-18 || total
---------------------------+-------+-------+-------+-------+-------+-------++-------
  Melee: Unarmed           |    60 |   108 |   259 |   427 |   730 |   420 ||  2004
         Constrict         |    21 |    32 |    56 |   104 |   138 |    78 ||   429
         Tentacles         |     9 |    19 |    63 |    53 |   143 |   102 ||   389
         Punch             |     1 |     1 |    20 |    10 |    46 |    60 ||   138
  Throw: Dart              |       |    11 |    19 |    16 |     2 |       ||    48
 Invoke: Berserk           |       |     2 |     3 |     6 |     4 |       ||    15
         Trog's Hand       |       |     1 |     1 |     3 |     1 |       ||     6
         Brothers in Arms  |       |       |     1 |     5 |     6 |       ||    12
  Evoke: Wand              |       |       |     1 |       |     7 |    16 ||    24
    Use: Potion            |     4 |     1 |     4 |     1 |       |       ||    10
         Scroll            |       |     3 |     6 |     7 |     9 |     2 ||    27
   Stab: Sleeping          |     7 |     3 |    20 |     9 |    16 |     9 ||    64
         Distracted        |       |       |       |     1 |     3 |     1 ||     5
         Petrifying        |       |       |       |       |     1 |       ||     1
 Armour: Skin              |    13 |    44 |   121 |   288 |   581 |   359 ||  1406
  Dodge: Dodged            |    28 |    61 |   101 |   238 |   651 |   513 ||  1592
  Block: Buckler           |     6 |    14 |    33 |    27 |   164 |   194 ||   438
   Form: Serpent           |       |       |       |     1 |     1 |       ||     2
         Statue            |       |       |       |       |     2 |       ||     2
         Blade             |       |       |       |       |     1 |       ||     1

Table legend: (Time is in decaauts)
 A = Elapsed time spent in this place.
 B = Non-inter-level travel time spent in this place.
 C = Inter-level travel time spent in this place.
 D = Time resting spent in this place.
 E = Time spent auto-exploring this place.
 F = Levels seen in this place.
 G = Mean time per level.
                   A        B        C        D        E       F      G
               +--------+--------+--------+--------+--------+-----+--------+
         Total |  29630 |  27401 |   2229 |   3650 |  17354 |  28 | 1058.2 |
       Dungeon |  17058 |  15761 |   1297 |   2164 |  10321 |  15 | 1137.2 |
          Lair |   8237 |   7496 |    741 |    931 |   4995 |   5 | 1647.4 |
   Spider Nest |   1120 |   1092 |     28 |     45 |    649 |   2 |  560.0 |
  Orcish Mines |   1920 |   1758 |    162 |     61 |   1015 |   2 |  960.0 |
         Sewer |    163 |    163 |      0 |     31 |     75 |   1 |  163.0 |
       Ossuary |    363 |    363 |      0 |     89 |     98 |   1 |  363.0 |
        Bailey |    606 |    606 |      0 |    255 |    200 |   1 |  606.0 |
      Ice Cave |    160 |    160 |      0 |     73 |      0 |   1 |  160.0 |
               +--------+--------+--------+--------+--------+-----+--------+

Top non-repeatable levels by time:
  Lair:2: 1948 daAuts
     D:4: 1928 daAuts
  Lair:5: 1738 daAuts
  Lair:3: 1668 daAuts
  Lair:4: 1613 daAuts
    D:14: 1585 daAuts
     D:9: 1542 daAuts
     D:3: 1351 daAuts
    D:13: 1335 daAuts
     D:7: 1288 daAuts
  Lair:1: 1269 daAuts
   Orc:2: 1217 daAuts
    D:11: 1161 daAuts
    D:10: 1151 daAuts
    D:12: 1037 daAuts
